AoeStats
← O grande

Arabia

505641587Analyzed
1v1 RM · 22d ago on Sep 10, 2026· 22m 27s· 2 players
Game mode
Random Map
Map size
Tiny (2 player)
Population
200
Speed
Normal
Resources
Standard
Victory
Conquest
Starting age
Dark Age
Ending age
Imperial Age
RankedLock teamsTeams togetherTeam positionsShared explorationLock speedFull tech treeHidden civsTurbo modeCheats
Victory
Defeat
🇩🇪 Inca · Germany
1992
+20
🇧🇷 Inca · Brazil
2083
-20
nC_Future
1:46 Loom
12:13 Feudal Age
12:15 Champi Runner
12:42 Double-Bit Axe
13:41 Scale Mail Armor
18:05 Forging
20:06 Arson
O grande
5:24 Loom
9:44 Feudal Age
10:14 Double-Bit Axe
10:24 Champi Runner
17:21 Forging
18:12 Scale Mail Armor
18:07 Arson
Connection lost

Rejoining the realm…

Still unreachable

The connection could not be restored.

Session expired

The server has moved on; the page needs a fresh start.